 Dungeon Sprint DCSS version 0.31-a0-868-g674d60d6f7 (webtiles) character file.

Game seed: 6742487677380861705

52 wvc the Firebug (level 3, -13/30 HPs)
             Began as a Demonspawn Fire Elementalist on Oct 11, 2023.
             Was a Follower of Vehumet.
             Mangled by an ushabti (25 damage)
             ... in the Dungeon (Sprint V: "Ziggurat Sprint").
             The game lasted 00:03:45 (179 turns).

wvc the Firebug (Demonspawn Fire Elementalist)       Turns: 179, Time: 00:03:46

Health: -13/30     AC:  2    Str:  8    XL:     3   Next: 60%
Magic:  7/9        EV: 12    Int: 30    God:    Vehumet [*.....]
Gold:   0          SH:  0    Dex: 13    Spells: 8/11 levels left

rFire   . . .        D - +6 shillelagh "Devastator" {shatter}
rCold   . . .        (no shield)
rNeg    . . .        a - +0 robe
rPois   .            (helmet restricted)
rElec   .            (no cloak)
rCorr   .            (no gloves)
SInv    .            (no boots)
Will    .....        (no amulet)
Stlth   ++           x - +6 ring of intelligence
HPRegen 1.25/turn    y - +6 ring of intelligence
MPRegen 0.11/turn

%: no teleportation
@: no status effects
A: antennae 1, powered by death 1
a: Renounce Religion


You were in the Dungeon.
You worshipped Vehumet.
Vehumet was aware of your devotion.
You visited 1 branch

Inventory:

Hand Weapons
 C - the +9 sword of Power {lifebolt}
   (You found it in the Dungeon)
 D - the +6 shillelagh "Devastator" (weapon) {shatter}
   (You found it in the Dungeon)
 E - a +5 quick blade
 F - a +5 demon blade
 G - a +5 demon trident
Armour
 a - a +0 robe (worn)
 h - a +3 kite shield
 i - an orb of mayhem
 B - the +18 shield of the Gong {Loud rN+ Will+ rCorr EV-5}
   (You found it in the Dungeon)

   Loud:      It is deafeningly noisy when blocking attacks.
   EV-5:      It affects your evasion (-5).
   rN+:       It protects you from negative energy.
   Will+:     It increases your willpower.
   rCorr:     It protects you from acid and corrosion.
Magical Staves
 I - the staff "Lewn" {Str+2 Conj}
   (You found it in the Dungeon)

   [staff of conjuration]

   Base accuracy: +5 Base damage: 5 Base attack delay: 1.2 This weapon's minimum
   attack delay (0.6) is reached at skill level 12.
   Str+2:     It affects your strength (+2).
   Conj:      It increases the power of your Conjurations spells.
   It falls into the 'Staves' category.
   It is a one-handed weapon.
Jewellery
 u - a ring of flight
 v - a +6 ring of dexterity
 w - a +6 ring of dexterity
 x - a +6 ring of intelligence (left hand)
 y - a +6 ring of intelligence (right hand)
 z - a +6 ring of strength
 A - a +6 ring of strength
Wands
 s - a wand of mindburst (7)
 t - a wand of light (7)
 H - a wand of flame (9)
Scrolls
 g - 4 scrolls of blinking
 o - 4 scrolls of amnesia
 p - 7 scrolls of fog
 q - 5 scrolls of identify
 r - 2 scrolls of fear
Potions
 b - 8 potions of magic
 c - 9 potions of curing
 d - 10 potions of heal wounds
 e - 6 potions of haste
 f - 3 potions of berserk rage
 j - 2 potions of brilliance
 k - 2 potions of invisibility
 l - 4 potions of resistance
 n - 5 potions of might


   Skills:
 - Level 3.9 Fighting
 - Level 1.7 Dodging
 - Level 1.7 Stealth
 + Level 4.9 Spellcasting
 + Level 4.2 Conjurations
 + Level 6.3 Fire Magic


You had 8 spell levels left.
You knew the following spells:

 Your Spells              Type           Power      Damage    Failure   Level
a - Foxfire               Conj/Fire      100%       2x1d9     1%          1
b - Scorch                Fire           90%        2d8       1%          2

Your spell library contained the following spells:

 Spells                   Type           Power      Damage    Failure   Level
 Sandblast                Erth           14%        2d6       6%          1
 Inner Flame              Hex/Fire       26%        N/A       4%          3
 Volatile Blastmotes      Fire/Tloc      52%        2d14      4%          3
 Flame Wave               Conj/Fire      39%        2d11      7%          4


Dungeon Overview and Level Annotations

Branches:
Dungeon (1/1)

Altars:
Ashenzari
Cheibriados
Dithmenos
Fedhas
Gozag
Hepliaklqana
Kikubaaqudgha
Makhleb
Nemelex Xobeh
Okawaru
Qazlal
Ru
Sif Muna
Trog
Uskayaw
Vehumet
Wu Jian
Xom
Yredelemnul
Jiyva
Lugonu

Annotations:
D 1 transporter


Innate Abilities, Weirdness & Mutations

You have a pair of small antennae on your head.
You regenerate a little health from kills.


Message History

Found a +2 falchion of venom, Great Wizards, Vol.
VII and a book of Death.
Found a transporter.
Casting: Foxfire (safe; 1% risk of failure)
Confirm with . or Enter, or press ? or * to list all spells.
You feel a surge of power!
You conjure some foxfire!
The ushabti shakes and rattles deafeningly!
The foxfire hits the adder zombie!
The adder zombie is heavily damaged.
The foxfire hits the adder zombie!
The adder zombie is almost destroyed.
The ushabti shakes and rattles.
The vile air hits the quokka zombie.
The vile air hits you.
Casting: Foxfire (safe; 1% risk of failure)
Confirm with . or Enter, or press ? or * to list all spells.
You feel a surge of power!
You conjure some foxfire!
The adder zombie closely misses you.
The foxfire hits the quokka zombie!
You destroy the quokka zombie!
Vehumet accepts your kill.
You can now gain magical power from killing.
Vehumet offers you knowledge of Sandblast.
Casting: Foxfire (safe; 1% risk of failure)
Confirm with . or Enter, or press ? or * to list all spells.
You feel a surge of power!
You conjure some foxfire!
The foxfire hits the adder zombie.
You destroy the adder zombie!
Vehumet accepts your kill.
The foxfire hits the ushabti.
The ushabti completely resists.
The foxfire hits the ushabti but does no damage.
The ushabti shakes and rattles deafeningly!
Time to lay down the shillelagh law.
D - the +6 shillelagh "Devastator" (weapon)
{shatter} You hit the ushabti.
The ushabti shudders.
The ushabti is heavily damaged. x2
The ushabti hits you!!
Ouch! That really hurt!
You barely miss the ushabti.
The ushabti is heavily damaged.
The ushabti hits you!!
Ouch! That really hurt!
You die...

▓▓▓▓▓▓▓▓▓▓▓▓▓
▓.8©8.▓.8©8.▓
▓.:):.▓.....▓
▓.....▓.....▓
▓.....▓.....▓
▓.9...▓.†...▓
▓.@...▓..©..▓
▓..©..▓▓▓▓▓▓▓
▓▓▓▓▓▓▓


You could see an ushabti (catching breath).

Vanquished Creatures
  2 adders (D)
  An adder zombie (D)
  A quokka zombie (D)
4 creatures vanquished.

Vanquished Creatures (others)
  9 foxfires (D)
9 creatures vanquished.

Grand Total: 13 creatures vanquished

Notes
Turn   | Place    | Note
-------+----------+-------------------------------------------
     0 | D        | wvc the Demonspawn Fire Elementalist began the quest for
                  | the Orb.
     0 | D        | Reached XP level 1. HP: 13/13 MP: 3/3
     2 | D        | Found a blossoming altar of Fedhas.
     2 | D        | Found the +6 Majin-Bo {spellvamp, MP+6 Int+6}
     2 | D        | Found the +27 heavy crossbow "Sniper" {heavy, Acc+∞ SInv}
     2 | D        | Found the +10 dark maul {heavy}
     2 | D        | Found the +15 Maxwell's patent armour {-Cast -Tele rElec
                  | Will+ rCorr}
     2 | D        | Found the +18 shield of the Gong {Loud rN+ Will+ rCorr
                  | EV-5}
     2 | D        | Found the +16 obsidian axe {drain, demonic, Mesm Drain Fly
                  | SInv}
     2 | D        | Found the +7 great mace "Firestarter" {flame, immolate,
                  | rFlCloud rF++}
     2 | D        | Found the +6 shillelagh "Devastator" {shatter}
     2 | D        | Found the +11 plutonium sword {Contam Stlth-}
     2 | D        | Found the +8 lance "Wyrmbane" {slay drac, rPois rF+ rC+
                  | AC+3}
     2 | D        | Found the +9 sword of Zonguldrok {reap}
     2 | D        | Found the +13 scythe of Curses {drain, curses, Drain}
     2 | D        | Found the +9 sword of Power {lifebolt}
     2 | D        | Found the +7 mace of Variability {chaos, chaos arc}
     2 | D        | Found the +11 Singing Sword {sonic wave}
     2 | D        | Found the +8 storm bow {elec, penet}
     8 | D        | Found a shimmering blue altar of Sif Muna.
     8 | D        | Found a sacrificial altar of Ru.
     8 | D        | Found a bloodstained altar of Trog.
     8 | D        | Found a stormy altar of Qazlal.
     8 | D        | Found an iron altar of Okawaru.
     8 | D        | Found a sparkling altar of Nemelex Xobeh.
    10 | D        | Found a transporter.
    10 | D        | Found an ancient bone altar of Kikubaaqudgha.
    10 | D        | Found a viscous altar of Jiyva.
    10 | D        | Found a corrupted altar of Lugonu.
    10 | D        | Found a hazy altar of Hepliaklqana.
    10 | D        | Found a burning altar of Makhleb.
    10 | D        | Found an opulent altar of Gozag.
    59 | D        | Became a worshipper of Vehumet
    74 | D        | Entered arena 2.
    74 | D        | Found a transporter.
    84 | D        | Reached skill level 4 in Fire Magic
    84 | D        | Gained mutation: You have a pair of small antennae on your
                  | head. [demonic ancestry]
    84 | D        | Reached XP level 2. HP: 14/19 MP: 0/6
    90 | D        | Got the staff "Lewn" {Str+2 Conj}
   103 | D        | Reached skill level 6 in Fire Magic
   103 | D        | Gained mutation: You regenerate a little health from kills.
                  | [demonic ancestry]
   103 | D        | Reached XP level 3. HP: 30/30 MP: 2/9
   107 | D        | Learned a level 2 spell: Scorch
   169 | D        | Entered arena 3.
   169 | D        | Noticed an ushabti
   169 | D        | Found a transporter.
   173 | D        | Reached * piety under Vehumet
   173 | D        | Offered knowledge of Sandblast by Vehumet.
   179 | D        | Mangled by an ushabti

Illustrated notes

Levels and vault maps discovered:
D:        sprint_v [room_start, room_1, room_2, room_3, room_4, room_5, room_6,
          room_7, room_8, room_9, room_10, room_11, room_12, room_13, room_14,
          room_15, room_16, room_17, room_18, room_19, room_20, room_21,
          room_22, room_23, room_24, room_25, room_26, room_27]

Skill      XL: |  1  2 |
---------------+-------+-----
Spellcasting   | 3 4 |  4.9
Fire Magic     | 4 6 |  6.3
Fighting       | 3 |  3.9
Conjurations   | 4 |  4.2
Dodging        | |  1.7
Stealth        | |  1.7

Action                     || total
---------------------------++-------
  Melee: Shillelagh        ||     3
   Cast: Foxfire           ||     6
    Use: Potion            ||     2
 Armour: Robe              ||     9
  Dodge: Dodged            ||    10

Table legend: (Time is in decaauts)
 A = Elapsed time spent in this place.
 B = Non-inter-level travel time spent in this place.
 C = Inter-level travel time spent in this place.
 D = Time resting spent in this place.
 E = Time spent auto-exploring this place.
 F = Levels seen in this place.
 G = Mean time per level.
                   A        B        C        D        E       F      G
               +--------+--------+--------+--------+--------+-----+--------+
         Total |    177 |    173 |      4 |     63 |      0 |   1 |  177.0 |
       Dungeon |    177 |    173 |      4 |     63 |      0 |   1 |  177.0 |
               +--------+--------+--------+--------+--------+-----+--------+

Top non-repeatable levels by time:
       D: 177 daAuts
